 Dungeon Crawl Stone Soup version 0.32-a0-131-g9dbbe29261 (webtiles) character file.

Game seed: 16374675332017687159

32958 hikkokomori the Grappler (level 13, -4/190 HPs)
             Began as a Troll Fighter on Feb 8, 2024.
             Was the Champion of Okawaru.
             Slain by a six-headed hydra (5 damage)
             ... on level 4 of the Lair of Beasts.
             The game lasted 00:39:45 (12770 turns).

hikkokomori the Grappler (Troll Fighter)           Turns: 12770, Time: 00:39:46

Health: -4/190     AC:  5    Str: 27    XL:     13   Next: 34%
Magic:  14/16      EV: 13    Int:  4    God:    Okawaru [******]
Gold:   848        SH: 13    Dex: 13    Spells: 15/18 levels left

rFire   + .          .
                       - Unarmed
rCold   + . .        H - +0 kite shield
rNeg    . . .        W - +1 robe of Vines {NoPotionHeal Regen++++}
rPois   +            (helmet restricted)
rElec   .            T - scarf {rC+ rF+}
rCorr   .            (gloves unavailable)
SInv    .            (boots unavailable)
Will    .....        d - amulet of regeneration Stlth
                     o - +4 ring of slaying
HPRegen 5.31/turn    u - ring of poison resistance
MPRegen 0.15/turn

%: no passive effects
@: berserking, heroic, very quick
A: large, unfitting armour, claws 3, regeneration 1, shaggy fur 1, tough skin 1
a: Renounce Religion, Heroism, Finesse, Duel


You were on level 4 of the Lair of Beasts.
You worshipped Okawaru.
Okawaru was exalted by your worship.
You visited 3 branches of the dungeon, and saw 17 of its levels.

You collected 848 gold pieces.

Inventory:

Hand Weapons
 w - the +6 sling of Quso {flame, rN+ Dex+3}
   (You found it on level 5 of the Dungeon)

   Dex+3:     It affects your dexterity (+3).
   rN+:       It protects you from negative energy.
Missiles
 a - 7 boomerangs (quivered)
 b - 2 curare-tipped darts
 l - 17 javelins
 m - 3 atropa-tipped darts
 n - 39 poisoned darts
 q - 7 large rocks
 L - a throwing net
 P - 9 silver javelins
 V - a dart of dispersal
Armour
 v - a +0 robe of willpower
 A - +1 steam dragon scales
 F - a +0 cloak
 H - a +0 kite shield (worn)
 T - a scarf of resistance (worn)
 W - the +1 robe of Vines (worn) {NoPotionHeal Regen++++}
   (Okawaru gifted it to you on level 4 of the Lair of Beasts)

   NoPotionHeal: Its wearer cannot be healed by potions.
   Regen++++: It increases your rate of health regeneration.
Jewellery
 d - an amulet of regeneration (around neck)
 o - a +4 ring of slaying (left claw)
 u - a ring of poison resistance (right claw)
 B - a ring of resist corrosion
 D - an amulet of magic regeneration
 E - a ring of see invisible
 S - a ring of flight
 U - a +6 ring of intelligence
Wands
 i - a wand of mindburst (22)
 M - a wand of acid (5)
 N - a wand of roots (7)
 Q - a wand of digging (13)
Scrolls
 c - 2 scrolls of vulnerability {unknown}
 e - 4 scrolls of noise
 h - 2 scrolls of enchant weapon
 k - 3 scrolls of enchant armour
 p - 2 scrolls of poison
 s - 4 scrolls of teleportation
 x - a scroll of amnesia
 y - a scroll of summoning {unknown}
 z - 3 scrolls of fog
 C - a scroll of revelation
 I - a scroll of blinking
 K - 2 scrolls of immolation {unknown}
 R - a scroll of brand weapon {unknown}
Potions
 f - 10 potions of curing
 g - 4 potions of mutation
 j - 2 potions of heal wounds
 r - a potion of cancellation
 t - 6 potions of attraction
 G - a potion of haste
 J - a potion of magic
 O - a potion of berserk rage


   Skills:
 - Level 8.0(13.0) Fighting
 + Level 9.1(14.1) Throwing
 - Level 5.0(10.0) Dodging
 - Level 2.0(7.0) Stealth
 - Level 9.0(14.0) Shields
 + Level 12.1(17.1) Unarmed Combat
 - Level 3.1 Spellcasting
 + Level 3.4 Necromancy
 - Level 4.0 Invocations
 - Level 4.0 Evocations


You had 15 spell levels left.
You knew the following spells:

 Your Spells              Type           Power      Damage    Failure   Level
a - Fugue of the Fallen   Necr           3%         N/A       41%         3

Your spell library contained the following spells:

 Spells                   Type           Power      Damage    Failure   Level
 Necrotise                Necr           12%        1d4       16%         1
 Sublimation of Blood     Necr           3%         N/A       22%         2
 Apportation              Tloc           0%         N/A       52%         1
 Sting                    Conj/Alch      0%         1d3       52%         1
 Ozocubu's Armour         Ice            0%         N/A       88%         3
 Leda's Liquefaction      Alch/Erth      0%         N/A       99%         4
 Manifold Assault         Tloc           0%         N/A       99%         4
 Lee's Rapid Deconstruct  Erth           0%         3d4*      100%        5
 Bombard                  Conj/Erth      0%         9d1       100%        6
 Orb of Destruction       Conj           0%         9d5       100%        7
 Summon Small Mammal      Summ           Unusable   N/A       N/A         1
 Call Imp                 Summ           Unusable   N/A       N/A         2
 Summon Blazeheart Golem  Fire/Summ      Unusable   N/A       N/A         4
 Spellforged Servitor     Conj/Summ      Unusable   N/A       N/A         7
 Summon Hydra             Summ           Unusable   N/A       N/A         7

Dungeon Overview and Level Annotations

Branches:
Dungeon (11/15)            Temple (1/1) D:6            Lair (5/5) D:11
  Swamp (0/4) Lair:2        Snake (0/4) Lair:3        Slime (0/5) Lair:4
    Orc (0/2) D:11

Altars:
Ashenzari
Cheibriados
Dithmenos
Elyvilon
Fedhas
Gozag
Hepliaklqana
Kikubaaqudgha
Makhleb
Nemelex Xobeh
Okawaru
Qazlal
Ru
Sif Muna
Trog
Uskayaw
Vehumet
Wu Jian
Xom
Yredelemnul
Zin
The Shining One

Shops:
D:9 [

Annotations:
D:3 exclusion: statue
Lair:4 1 runed translucent door


Innate Abilities, Weirdness & Mutations

You are too large for most types of armour.
You have claws for hands.
Your natural rate of healing is unusually fast.
You are covered in fur. (AC +1)
You have tough skin. (AC +1)


Message History

The wolf barely misses you.
Unknown command.
Throw: 18 javelins
Press: ? - help, Shift-Dir - straight line, f - six-headed hydra, p - wolf
Aim: a six-headed hydra (lightly wounded, 85% to hit)
You throw a javelin.
The javelin pierces through the six-headed hydra!
The six-headed hydra is moderately wounded.
The wolf bites you.
* * * LOW HITPOINT WARNING * * *
The wolf bites you.
* * * LOW HITPOINT WARNING * * *
You block the wolf's attack. x2; The wolf completely misses you.
The six-headed hydra bites you!
* * * LOW HITPOINT WARNING * * *
The six-headed hydra closely misses you.
The six-headed hydra bites you!
* * * LOW HITPOINT WARNING * * *
The six-headed hydra bites you.
* * * LOW HITPOINT WARNING * * *
The six-headed hydra bites you.
* * * LOW HITPOINT WARNING * * *
The six-headed hydra completely misses you.
Unknown command.
Unknown command.
Unknown command.
Unknown command.
Okay, then.
A red film seems to cover your vision as you go berserk!
You feel yourself moving faster!
You feel mighty! The wolf barely misses you. You block the wolf's attack.
The wolf bites you.
* * * LOW HITPOINT WARNING * * *
You block the wolf's attack. The wolf bites you.
* * * LOW HITPOINT WARNING * * *
The six-headed hydra bites you but does no damage.
You block the six-headed hydra's attack.
The six-headed hydra barely misses you. The six-headed hydra bites you.
* * * LOW HITPOINT WARNING * * *
The six-headed hydra bites you.
You die...

...P.......#...........#####.....
.......P##.###..........#..+.....
P###....####P(..>.....###..#†....
.......#.# ##P........'...#.###.#
#...#..### #.........##P#### ###
.......# ##.........### #
.....### ###(......### # #..###
#.#.DPh..###### # ##.##
#...h@.......P# #
##..########...h........## #
###...##..P#.............# #
.##.........'............# #
......#.###.............## #
##...##.# ###...........# #
##..#.## #.>.........# # ##...###
#...........# # #....P#
#...........# #


You could see a six-headed hydra and 3 wolves.

Vanquished Creatures
  A hydra (Lair:3)
  2 boulder beetles
  2 two-headed ogres
  Sonja (D:10)
  2 skysharks
  A bog body (Lair:2)
  6 elephants (Lair:2)
  Maurice (D:8)
  3 black mambas
  A centaur zombie (D:9)
  A centaur skeleton (D:9)
  An unseen horror (D:11)
  Maggie (D:8)
  8 cane toads
  6 komodo dragons
  3 rime drakes
  2 polar bears
  3 trolls
  18 blink frogs
  A hellwing (D:9)
  Grinder (D:4)
  Sigmund (D:3)
  A meliai zombie (D:9)
  A vampire (D:10)
  3 wyverns
  A wraith (D:9)
  31 yaks
  Grum (D:8)
  2 basilisks
  2 steam dragons
  Eustachio (D:4)
  7 vampire mosquitoes
  4 nagas (Lair:3)
  An acid dragon (D:11)
  4 water moccasins
  A black bear (D:4)
  An orc warrior (D:9)
  A hornet zombie (D:9)
  3 ogres
  6 centaurs
  A phantom (D:4)
  26 wolves
  4 kobold brigands
  5 bullfrogs
  A scorpion (D:6)
  3 wights (D:8)
  8 killer bees
  A howler monkey (D:11)
  A vampire bat (D:8)
  2 bombardier beetles (D:5)
  A bullfrog zombie (D:4)
  3 jellies
  8 orc priests
  4 hounds
  A scorpion zombie (D:4)
  5 iguanas
  Natasha (D:2)
  A boggart zombie (D:9)
  12 orc wizards
  5 hell rats (Lair:4)
  A hound zombie (D:4)
  3 hound skeletons (D:4)
  Robin (D:3)
  7 gnolls
  7 adders
  5 shadow imps (D:9)
  6 ufetubi
  5 adder zombies (D:4)
  2 adder skeletons (D:4)
  3 ribbon worms
  A dart slug (D:4)
  19 orcs
  2 bat skeletons (D:8)
  3 bat zombies (D:8)
  5 endoplasms
  4 giant cockroaches
  18 goblins
  13 hobgoblins
  4 jackals
  24 kobolds
  3 quokkas
  2 ball pythons
  5 bats
  A frilled lizard (D:1)
  4 rats
378 creatures vanquished.

Notes
Turn   | Place    | Note
-------+----------+-------------------------------------------
     0 | D:1      | hikkokomori the Troll Fighter began the quest for the Orb.
     0 | D:1      | Reached XP level 1. HP: 22/22 MP: 0/0
    80 | D:1      | You fall into a shaft and drop 1 floor!
   165 | D:2      | Reached XP level 2. HP: 29/29 MP: 1/1
   370 | D:2      | Reached skill level 3 in Unarmed Combat
   955 | D:1      | Reached XP level 3. HP: 36/36 MP: 2/2
   967 | D:1      | Found a faded altar of an unknown god.
  1283 | D:3      | Found a radiant altar of Vehumet.
  1283 | D:3      | Noticed a charred statue
  1372 | D:3      | Noticed Sigmund
  1384 | D:3      | Killed Sigmund
  1385 | D:3      | Reached skill level 4 in Unarmed Combat
  1385 | D:3      | Reached XP level 4. HP: 44/44 MP: 3/3
  1385 | D:3      | Reached XP level 5. HP: 50/50 MP: 4/4
  1638 | D:3      | Noticed Robin
  1647 | D:3      | Killed Robin
  1657 | D:3      | Reached skill level 5 in Unarmed Combat
  2250 | D:2      | Noticed Natasha
  2252 | D:2      | Killed Natasha
  2253 | D:2      | Reached XP level 6. HP: 59/59 MP: 5/5
  2794 | D:4      | Reached skill level 1 in Stealth
  2955 | D:4      | Noticed Eustachio
  2969 | D:4      | Killed Eustachio
  2970 | D:4      | Reached XP level 7. HP: 56/67 MP: 6/6
  3083 | D:4      | Noticed Grinder
  3085 | D:4      | Paralysed by Grinder for 2 turns
  3093 | D:4      | Killed Grinder
  3231 | D:5      | Entered Level 5 of the Dungeon
  3233 | D:5      | Identified the +6 sling of Quso {flame, rN+ Dex+3}
  3296 | D:5      | Reached XP level 8. HP: 75/75 MP: 7/7
  3311 | D:5      | Reached skill level 6 in Unarmed Combat
  3703 | D:6      | Reached skill level 5 in Throwing
  3715 | D:6      | Reached skill level 5 in Shields
  3823 | D:6      | Reached skill level 7 in Unarmed Combat
  3831 | D:6      | Found a staircase to the Ecumenical Temple.
  3870 | Temple   | Entered the Ecumenical Temple
  3877 | Temple   | Became a worshipper of Warmaster Okawaru
  4119 | D:6      | Found a sparkling altar of Nemelex Xobeh.
  4419 | D:7      | Reached XP level 9. HP: 81/81 MP: 8/8
  4707 | D:7      | Reached * piety under Okawaru
  4717 | D:7      | Reached skill level 8 in Unarmed Combat
  5159 | D:8      | Reached skill level 1 in Invocations
  5224 | D:8      | Noticed Maurice
  5240 | D:8      | Something stole a ring of resist corrosion
  5250 | D:8      | Something stole 3 large rocks
  5269 | D:8      | Killed Maurice
  5269 | D:8      | Reached ** piety under Okawaru
  5478 | D:8      | Noticed Grum
  5486 | D:8      | Found an ancient bone altar of Kikubaaqudgha.
  5531 | D:8      | Found a shimmering altar of Xom.
  5616 | D:8      | HP: 3/85 [Grum/+1 halberd of venom (16)]
  5621 | D:8      | Killed Grum
  5624 | D:8      | Reached skill level 5 in Fighting
  5626 | D:8      | Reached XP level 10. HP: 31/96 MP: 11/11
  6017 | D:8      | Reached *** piety under Okawaru
  6167 | D:8      | Found an opulent altar of Gozag.
  6333 | D:8      | Noticed Maggie
  6346 | D:8      | Killed Maggie
  6861 | D:9      | Reached **** piety under Okawaru
  6878 | D:9      | Reached skill level 9 in Unarmed Combat
  7107 | D:9      | Found Fihur's Antique Armour Boutique.
  7223 | D:9      | Learned a level 3 spell: Fugue of the Fallen
  7537 | D:10     | Entered Level 10 of the Dungeon
  7578 | D:10     | Reached ***** piety under Okawaru
  7582 | D:10     | Reached skill level 10 in Unarmed Combat
  7701 | D:10     | Reached XP level 11. HP: 93/105 MP: 12/12
  7709 | D:10     | Noticed Sonja
  7716 | D:10     | Killed Sonja
  7716 | D:10     | Received a gift from Okawaru
  7801 | D:10     | Noticed a two-headed ogre
  7807 | D:10     | Killed a two-headed ogre
  8493 | D:11     | Noticed a two-headed ogre
  8502 | D:11     | Killed a two-headed ogre
  8585 | D:11     | Reached skill level 11 in Unarmed Combat
  8685 | D:11     | Found a staircase to the Orcish Mines.
  8902 | D:11     | Found a staircase to the Lair.
  9097 | D:11     | Received a gift from Okawaru
  9388 | Lair:1   | Entered Level 1 of the Lair of Beasts
  9407 | Lair:1   | Found an ornate altar of the Wu Jian Council.
  9407 | Lair:1   | Found a hide-covered altar of Uskayaw.
  9407 | Lair:1   | Noticed a boulder beetle
  9414 | Lair:1   | Killed a boulder beetle
  9618 | Lair:1   | Reached skill level 12 in Unarmed Combat
  9646 | Lair:1   | Reached XP level 12. HP: 114/114 MP: 13/13
  9919 | Lair:1   | Reached skill level 1 in Evocations
 10217 | Lair:2   | Received a gift from Okawaru
 10387 | Lair:2   | Found a staircase to the Swamp.
 10866 | Lair:3   | Reached ****** piety under Okawaru
 10879 | Lair:3   | Received a gift from Okawaru
 11019 | Lair:2   | Reached skill level 1 in Necromancy
 11064 | Lair:3   | Noticed a seven-headed hydra
 11068 | Lair:3   | Killed a seven-headed hydra
 11146 | Lair:3   | Reached skill level 1 in Spellcasting
 11200 | Lair:3   | Noticed a boulder beetle
 11214 | Lair:3   | Killed a boulder beetle
 11214 | Lair:3   | Received a gift from Okawaru
 11268 | Lair:3   | Found a staircase to the Snake Pit.
 11368 | Lair:3   | Reached XP level 13. HP: 127/127 MP: 15/15
 12355 | Lair:4   | Identified the +8 rapier "Ciq Yhum" {holy, rF- Str+7 Dex+4}
 12473 | Lair:4   | Received a gift from Okawaru
 12474 | Lair:4   | Reached skill level 5 in Dodging
 12510 | Lair:4   | Acquired a +0 antimagic demon blade
 12510 | Lair:4   | Received a gift from Okawaru
 12511 | Lair:4   | Acquired the +1 robe of Vines {NoPotionHeal Regen++++}
 12511 | Lair:4   | Received a gift from Okawaru
 12511 | Lair:4   | Found the +1 robe of Vines {NoPotionHeal Regen++++}
 12614 | Lair:4   | Found a runed translucent door.
 12616 | Lair:4   | Noticed an acid blob
 12617 | Lair:4   | Found a staircase to the Slime Pits.
 12706 | Lair:5   | Entered Level 5 of the Lair of Beasts
 12769 | Lair:4   | HP: 6/127 [six-headed hydra (1)]
 12770 | Lair:4   | HP: 1/190 [six-headed hydra (5)]
 12770 | Lair:4   | Slain by a six-headed hydra

Illustrated notes

Levels and vault maps discovered:
D:1:      saegor_arrival_simple_d, layout_loops_corners,
          dreamdust_ecumenical_altar_angels_and_demons
D:2:      layout_loops_corners, kennysheep_small_spiral, uniq_natasha
D:3:      layout_loops_ring, vehumet_statue, minmay_ruptured, uniq_sigmund,
          uniq_robin
D:4:      layout_basic, serial_undead, serial_undead_c, serial_undead_c,
          serial_undead_b, serial_undead_f, serial_undead_b, serial_undead_d,
          serial_undead_d, serial_undead_c, uniq_eustachio, uniq_grinder
D:5:      layout_rooms
D:6:      layout_rooms, mainiacjoe_overflow_six_doors_small,
          minmay_temple_entry_ruins, reono_crystal_passage,
          roderic_roman_lattice
D:7:      layout_loops_corners
D:8:      layout_layer_cave, kennysheep_vampire_church,
          mainiacjoe_overflow_large_starburst, nicolae_nh_ransacked_shop,
          uniq_maurice, uniq_grum, uniq_maggie
D:9:      cheibrodos_grave_circle, layout_irregular_city, serial_shops,
          nicolae_shop_stone
D:10:     layout_loops_corners, uniq_sonja
D:11:     layout_cave_pods, lair_entry_dummy, orc_0_dummy
Temple:   sentei_temple_godly_chess
Lair:1:   layout_roguey, nzn_masters_of_martial_movement, serial_bayou_shore_a
Lair:2:   layout_layer_cave, skrybe_swamp_entry_bodies
Lair:3:   layout_cave_pods, minmay_snake_entry_guardpost_small,
          chequers_serial_rivers_micro_d, grunt_megastairs_3
Lair:4:   layout_roguey, slime_entry_2
Lair:5:   grunt_lair_end_beastmaster, layout_loops_ring

Skill      XL: |  1  2  3  4  5  6  7  8  9 10 11 12 13 |
---------------+----------------------------------------+-----
Unarmed Combat | 3 4 5 7 8 10 12 | 12.1
Throwing       | 2 3 4 5 6 8 9 |  9.1
Shields        | 3 4 5 7 9 |  9.0
Fighting       | 3 5 6 8 |  8.0
Stealth        | 2 |  2.0
Invocations    | 3 4 |  4.0
Evocations     | 4 |  4.0
Necromancy     | 3 |  3.4
Spellcasting   | 1 3 |  3.1
Dodging        | 3 5 |  5.0

Action                     |  1- 3 |  4- 6 |  7- 9 | 10-12 | 13-15 || total
---------------------------+-------+-------+-------+-------+-------++-------
  Melee: Unarmed           |    68 |    91 |   197 |   383 |   124 ||   863
   Fire: Sling             |       |       |     1 |       |       ||     1
  Throw: Boomerang         |       |     8 |    25 |     3 |     3 ||    39
         Javelin           |       |     3 |    11 |    26 |     8 ||    48
         Dart              |       |     3 |    14 |    78 |     3 ||    98
         Large rock        |       |     2 |    19 |    64 |    17 ||   102
         Stone             |       |       |    19 |       |       ||    19
 Invoke: Heroism           |       |       |       |       |     2 ||     2
         Receive Weapon    |       |       |       |       |     1 ||     1
         Receive Armour    |       |       |       |       |     1 ||     1
  Evoke: Wand              |       |       |       |     1 |     3 ||     4
    Use: Potion            |     2 |       |     4 |       |     1 ||     7
         Scroll            |       |       |     9 |     5 |     4 ||    18
   Stab: Sleeping          |       |     2 |     4 |     1 |       ||     7
         Invisible         |       |       |     1 |     2 |       ||     3
 Armour: Robe              |    37 |    49 |    53 |       |    72 ||   211
         Steam dragon scal |       |       |   127 |   356 |    41 ||   524
         Skin              |       |       |    24 |       |       ||    24
  Dodge: Dodged            |    25 |    29 |    85 |   187 |    74 ||   400
  Block: Kite shield       |    30 |    30 |   143 |   282 |    92 ||   577

Table legend: (Time is in decaauts)
 A = Elapsed time spent in this place.
 B = Non-inter-level travel time spent in this place.
 C = Inter-level travel time spent in this place.
 D = Time resting spent in this place.
 E = Time spent auto-exploring this place.
 F = Levels seen in this place.
 G = Mean time per level.
                   A        B        C        D        E       F      G
               +--------+--------+--------+--------+--------+-----+--------+
         Total |  12787 |  12017 |    770 |    210 |   9397 |  17 |  752.2 |
       Dungeon |   9369 |   8696 |    673 |    132 |   6837 |  11 |  851.7 |
        Temple |     17 |     12 |      5 |      0 |      0 |   1 |   17.0 |
          Lair |   3400 |   3308 |     92 |     78 |   2560 |   5 |  680.0 |
               +--------+--------+--------+--------+--------+-----+--------+

Top non-repeatable levels by time:
     D:8: 1585 daAuts
  Lair:3: 1011 daAuts
     D:2: 1007 daAuts
    D:10: 945 daAuts
     D:1: 931 daAuts
     D:7: 930 daAuts
    D:11: 880 daAuts
  Lair:1: 827 daAuts
     D:9: 806 daAuts
  Lair:2: 783 daAuts
     D:3: 770 daAuts
  Lair:4: 769 daAuts
     D:4: 535 daAuts
     D:6: 505 daAuts
     D:5: 469 daAuts
